 Dungeon Crawl Stone Soup version 0.29.1-1-gd02db6906a (webtiles) character file.

Game seed: 5052072198934351539

9086 Hadkhar the Fighter (level 11, -2/95 HPs)
             Began as a Formicid Fighter on Sept 30, 2022.
             Was a Believer of the Shining One.
             Slain by a boulder beetle (51 damage)
             ... on level 10 of the Dungeon.
             The game lasted 01:15:55 (9578 turns).

Hadkhar the Fighter (Formicid Fighter)              Turns: 9578, Time: 01:15:55

Health: -2/95      AC: 16    Str: 25    XL:     11   Next: 67%
Magic:  11/11      EV:  9    Int:  8    God:    the Shining One [**....]
Gold:   171        SH:  7    Dex: 13    Spells: 10/10 levels left

rFire   . . .      SeeInvis +   w - +2 battleaxe (vorpal)
rCold   . . .      Faith    .   c - +0 buckler
rNeg    + . .      Spirit   .   n - +4 scale mail of the Catamount {Harm Rampage Regen+ Stlth-}
rPois   .          Reflect  .   (helmet unavailable)
rElec   .          Harm     +   (no cloak)
rCorr   .          Rampage  +   (no gloves)
Will    ++...                   (no boots)
Stlth   ..........              (no amulet)
HPRegen 1.05/turn               a - +4 ring of protection
MPRegen 0.12/turn               B - ring of willpower

@: glowing
A: permanent stasis, dig shafts and tunnels, antennae 3, four strong arms
a: Dig, Shaft Self, Renounce Religion, Divine Shield


You were on level 10 of the Dungeon.
You worshipped the Shining One.
The Shining One was pleased with you.
You visited 2 branches of the dungeon, and saw 11 of its levels.

You collected 431 gold pieces.
You spent 260 gold pieces at shops.

Inventory:

Hand Weapons
 t - a +3 halberd
 w - a +2 vorpal battleaxe (weapon)
Missiles
 b - a throwing net
 j - 60 poisoned darts
 m - 5 boomerangs
Armour
 c - a +0 buckler (worn)
 n - the +4 scale mail of the Catamount (worn) {Harm Rampage Regen+ Stlth-}
   (You found it on level 2 of the Dungeon)

   Regen:     It increases your rate of health regeneration.
   Harm:      It increases damage dealt and taken.
   Rampage:   It bestows one free step when moving towards enemies.
   Stlth:     It makes you less stealthy.
 x - the +1 robe of the Thistle {rElec Int-4 Dex+2}
   (You found it on level 7 of the Dungeon)

   Int:       It affects your intelligence (-4).
   Dex:       It affects your dexterity (+2).
   rElec:     It insulates you from electricity.
Jewellery
 a - a +4 ring of protection (left hand)
 p - an amulet of magic regeneration
 B - a ring of willpower (right hand)
 F - an amulet of guardian spirit
Wands
 s - a wand of flame (12) (quivered)
 A - a wand of charming (4)
 C - a wand of iceblast (4)
Scrolls
 f - 2 scrolls of brand weapon {unknown}
 g - 3 scrolls of amnesia {unknown}
 h - a scroll of enchant weapon {unknown}
 i - 5 scrolls of identify
 l - 2 scrolls of enchant armour {unknown}
 o - a scroll of fear {unknown}
 v - a scroll of acquirement {unknown}
 y - a scroll of poison {unknown}
 z - a scroll of magic mapping {unknown}
 D - a scroll of vulnerability {unknown}
 G - a scroll of blinking {unknown}
Potions
 d - a potion of might
 e - 2 potions of cancellation {unknown}
 k - 2 potions of heal wounds
 q - 4 potions of curing
 r - a potion of magic {unknown}
 u - 3 potions of flight {unknown}
 E - a potion of lignification {unknown}


   Skills:
 + Level 12.0 Fighting
 * Level 8.9 Axes
 + Level 9.2 Armour
 + Level 11.0 Shields


You had 10 spell levels left.
You didn't know any spells.
Your spell library contained the following spells:

 Spells                   Type           Power      Damage    Failure   Level
 Apportation              Tloc           0%         N/A       71%         1
 Necrotise                Necr           0%         1d4       71%         1
 Shock                    Conj/Air       0%         1d3       71%         1
 Summon Small Mammal      Summ           0%         N/A       71%         1
 Call Canine Familiar     Summ           0%         N/A       97%         3
 Ozocubu's Armour         Ice            0%         N/A       97%         3
 Portal Projectile        Hex/Tloc       0%         N/A       97%         3
 Airstrike                Air            0%         2d(0-16)  100%        4
 Leda's Liquefaction      Hex/Erth       0%         N/A       100%        4
 Summon Ice Beast         Ice/Summ       0%         N/A       100%        4
 Manifold Assault         Tloc           0%         N/A       100%        5
 Summon Mana Viper        Hex/Summ       0%         N/A       100%        5
 Conjure Ball Lightning   Conj/Air       0%         3x3d6     100%        6
 Monstrous Menagerie      Summ           0%         N/A       100%        7
 Ozocubu's Refrigeration  Ice            0%         4d7       100%        7
 Storm Form               Tmut/Air       0%         N/A       100%        7
 Discord                  Hex            0%         N/A       100%        8
 Disjunction              Tloc           0%         N/A       100%        8
 Blink                    Tloc           Unusable   N/A       N/A         2
 Swiftness                Air            Unusable   N/A       N/A         3

Dungeon Overview and Level Annotations

Branches:
Dungeon (10/15)            Temple (1/1) D:7            Lair (0/5) D:8
    Orc: D:9-12

Altars:
Ashenzari
Cheibriados
Dithmenos
Elyvilon
Fedhas
Gozag
Hepliaklqana
Kikubaaqudgha
Makhleb
Nemelex Xobeh
Qazlal
Ru
Sif Muna
Trog
Uskayaw
Vehumet
Wu Jian
Xom
Yredelemnul
Zin
The Shining One

Shops:
D:3 (   D:6 [   D:7 (

Annotations:
D:8 exclusion: ice statue


Innate Abilities, Weirdness & Mutations

You cannot be hasted, slowed, berserked, paralysed or teleported.
You can dig through walls and to a lower floor.
You have a pair of large antennae on your head. (SInv)
Your four strong arms can wield two-handed weapons with a shield.


Message History

HP restored.
Things that are here:
a +0 long sword; a +0 arbalest; a +0 ring mail A tengu warrior comes into view.
It is wielding a +0 war axe.
The tengu warrior unwields a +0 war axe.
The tengu warrior wields a +0 arbalest.
The tengu warrior shoots a bolt.
The bolt hits you!
A gargoyle comes into view. It is wielding a +0 mace.
A boulder beetle comes into view.
The tengu warrior shoots a bolt.
The bolt hits you!
The tengu warrior shoots a bolt.
The bolt hits you!
Press: ? - help, v - describe, . - travel
Here: a boulder beetle The floor.
Aiming: Charm
Press: ? - help, Q - select action, (/) - cycle Shift-Dir - straight line, f - tengu warrior
Aim: a tengu warrior, wielding a +0 arbalest and wearing a +0 leather armour (chance to affect: 31%)
The tengu warrior easily resists.
The tengu warrior shoots a bolt.
You block the bolt.
The tengu warrior shoots a bolt.
The bolt hits you!!
* * * LOW HITPOINT WARNING * * *
The tengu warrior shoots a bolt.
The bolt hits you!!
* * * LOW HITPOINT WARNING * * *
You feel much better.
The tengu warrior shoots a bolt.
The bolt barely misses you.
You feel much better.
The boulder beetle leaps!
The tengu warrior shoots a bolt.
You block the bolt.
The tengu warrior shoots a bolt.
The bolt hits you.
The gargoyle hurls a stone arrow at you.
You block the stone arrow.
The boulder beetle curls into a ball and begins rolling!
The tengu warrior shoots a bolt.
The bolt hits you!
The boulder beetle attacks as you move away!
You block the boulder beetle's attack.
The boulder beetle stops rolling and uncurls.
The boulder beetle curls into a ball and begins rolling!
The boulder beetle attacks as you move away!
The boulder beetle hits you!!!
Ouch! That really hurt!
You die...

####...........# #.###.
#..............# #.##..
#.##.#.#.......###.#...
#.#..#.#........##.....
#....#.#.............##
#.#.##.#...........###
#.#.##.#####.....###
#.[....###.....###
###...@......###
##.##B...### #.##.°###
#.##..°9###
#.###.)...###
#.........Q.###
#########.....###
###.....### ###.....#


You could see a boulder beetle (rolling), a tengu warrior and a gargoyle.

Vanquished Creatures
  A two-headed ogre (D:9)
  A tengu warrior (D:10)
  A wolf spider zombie (D:9)
  A manticore (D:8)
  The ghost of NullDivider the Sneak, a novice OpVM (D:6)
  A centaur zombie (D:9)
  2 centaur skeletons (D:9)
  2 hellwings (D:9)
  2 hornets
  Grinder (D:4)
  A meliai zombie (D:9)
  Sigmund (D:4)
  6 yaks (D:7)
  2 water moccasins (D:7)
  A sky beast (D:7)
  3 orc warriors
  2 ice beasts (D:7)
  3 black bears
  An ogre (D:6)
  A boggart (D:10)
  5 centaurs
  3 kobold brigands
  Blork the orc (D:4)
  3 bullfrogs
  2 gnoll sergeants
  A scorpion (D:7)
  7 wights
  4 killer bees (D:7)
  3 howler monkeys
  An orc priest (D:8)
  A hound (D:5)
  A jelly (D:5)
  A gnoll bouda (D:5)
  4 orc wizards
  4 iguanas
  A boggart zombie (D:9)
  21 gnolls
  5 adders
  6 shadow imps
  2 white imps
  3 worms (D:2)
  A dart slug (D:4)
  8 orcs
  7 ball pythons
  8 bats (D:1)
  8 endoplasms
  7 giant cockroaches
  8 goblins
  6 hobgoblins
  2 jackals (D:3)
  7 quokkas
  32 kobolds
  6 rats
213 creatures vanquished.

Vanquished Creatures (others)
  5 withered plants (D:9)
5 creatures vanquished.

Grand Total: 218 creatures vanquished

Notes
Turn   | Place    | Note
-------+----------+-------------------------------------------
     0 | D:1      | Hadkhar the Formicid Fighter began the quest for the Orb.
     0 | D:1      | Reached XP level 1. HP: 18/18 MP: 1/1
   217 | D:1      | Reached XP level 2. HP: 24/24 MP: 2/2
   640 | D:1      | Reached XP level 3. HP: 30/30 MP: 3/3
  1813 | D:1      | Found a faded altar of an unknown god.
  2275 | D:2      | Reached skill level 4 in Fighting
  2436 | D:2      | Reached XP level 4. HP: 12/20 MP: 4/4
  3142 | D:2      | Identified the +4 scale mail of the Catamount {Harm Rampage
                  | Regen+ Stlth-}
  3443 | D:3      | Reached XP level 5. HP: 35/35 MP: 5/5
  3635 | D:3      | Found Mefrusm's Weapon Emporium.
  3637 | D:3      | You fall into a shaft and drop 1 floor!
  3638 | D:4      | Noticed Grinder
  3663 | D:4      | Killed Grinder
  3664 | D:4      | Reached skill level 5 in Fighting
  3664 | D:4      | Reached skill level 5 in Shields
  3664 | D:4      | Reached XP level 6. HP: 34/51 MP: 6/6
  3908 | D:3      | Reached XP level 7. HP: 51/56 MP: 7/7
  4118 | D:4      | Noticed Blork the orc
  4128 | D:4      | Killed Blork the orc
  4200 | D:4      | Found Koevacw's CLEARANCE SALE!.
  4465 | D:4      | Noticed Sigmund
  4500 | D:5      | Entered Level 5 of the Dungeon
  4516 | D:5      | Found an ornate altar of the Wu Jian Council.
  4521 | D:5      | Reached skill level 6 in Fighting
  4645 | D:5      | Noticed a hornet
  4657 | D:5      | Killed a hornet
  4658 | D:5      | Reached skill level 5 in Armour
  4658 | D:5      | Reached XP level 8. HP: 51/65 MP: 8/8
  4769 | D:4      | Killed Sigmund
  4770 | D:4      | Reached skill level 7 in Fighting
  5071 | D:5      | Found a sacrificial altar of Ru.
  5180 | D:5      | Found a stormy altar of Qazlal.
  5754 | D:6      | Found Pulixzebb's Armour Shop.
  5999 | D:6      | Reached skill level 5 in Axes
  5999 | D:6      | Reached XP level 9. HP: 22/74 MP: 9/9
  6191 | D:6      | Found a large runed translucent door.
  6192 | D:6      | Found a large runed translucent door.
  6193 | D:6      | Noticed NullDivider's ghost (novice OpVM)
  6204 | D:6      | Killed NullDivider's ghost
  6205 | D:6      | Reached skill level 8 in Fighting
  6428 | D:3      | Bought a +2 vorpal battleaxe for 260 gold pieces
  6799 | D:7      | Reached skill level 9 in Fighting
  6804 | D:7      | Found a staircase to the Ecumenical Temple.
  6950 | Temple   | Entered the Ecumenical Temple
  7142 | Temple   | Became a worshipper of the Shining One
  7307 | D:7      | Reached XP level 10. HP: 61/84 MP: 10/10
  7447 | D:7      | Reached skill level 10 in Fighting
  7652 | D:7      | Found Nurenes's Weapon Shoppe.
  7673 | D:7      | Identified the +1 robe of the Thistle {rElec Int-4 Dex+2}
  7790 | D:8      | Noticed an ice devil
  7791 | D:8      | Noticed an ice devil
  7791 | D:8      | Reached * piety under the Shining One
  7792 | D:8      | Noticed an ice devil
  7842 | D:8      | Noticed an ice devil
  7858 | D:8      | Found a broken altar of Ashenzari.
  7923 | D:8      | Found a staircase to the Lair.
  7961 | D:8      | Found a burning altar of Makhleb.
  7964 | D:8      | Found a glowing silver altar of Zin.
  7964 | D:8      | Noticed an angel
  7965 | D:8      | Noticed a cacodemon
  7993 | D:8      | Noticed a manticore
  7998 | D:8      | Killed a manticore
  7999 | D:8      | Reached skill level 11 in Fighting
  8093 | D:8      | Found a blossoming altar of Fedhas.
  8095 | D:8      | Found a shimmering blue altar of Sif Muna.
  8095 | D:8      | Found a sparkling altar of Nemelex Xobeh.
  8132 | D:8      | Noticed an ice statue
  8208 | D:9      | Found a bloodstained altar of Trog.
  8218 | D:9      | Reached ** piety under the Shining One
  8219 | D:9      | Reached skill level 10 in Shields
  8219 | D:9      | Reached XP level 11. HP: 93/93 MP: 11/11
  8610 | D:9      | Noticed a two-headed ogre
  8661 | D:9      | Killed a two-headed ogre
  9394 | D:10     | Entered Level 10 of the Dungeon
  9499 | D:10     | Noticed a tengu warrior
  9509 | D:10     | Killed a tengu warrior
  9510 | D:10     | Reached skill level 12 in Fighting
  9559 | D:10     | Noticed a tengu warrior
  9561 | D:10     | Noticed a boulder beetle
  9565 | D:10     | HP: 3/95 [tengu warrior/bolt (21)]
  9578 | D:10     | Slain by a boulder beetle

Illustrated notes

Levels and vault maps discovered:
D:1:      dpeg_arrival_rooms_a, layout_basic,
          dreamdust_ecumenical_altar_angels_and_demons, serial_bayou_pond_d,
          hangedman_abyss_or_decor_lesser_grid
D:2:      minmay_razor_zed, layout_rooms, minmay_pentomino_r4
D:3:      layout_rooms, serial_shops, nicolae_shop_bloodbath_and_beyond
D:4:      layout_rooms, chequers_serial_rivers_micro_b, nicolae_shop_clearance,
          uniq_sigmund, uniq_grinder, uniq_blork_the_orc
D:5:      layout_rooms, lemuel_round_altar, mainiacjoe_overflow_paths,
          nicolae_wu_jian_wuxing_cycle
D:6:      layout_basic, ebering_ghost_disaster_area, serial_shops,
          nicolae_shop_stone
D:7:      layout_rooms, minmay_temple_entry_wispy, serial_shops,
          nicolae_shop_crystal
D:8:      cheibrodos_frozen_isle, layout_rooms,
          grunt_temple_overflow_order_and_chaos_2, nicolae_ashenzari_skybound,
          grunt_temple_overflow_open, lair_entry_dummy
D:9:      cheibrodos_grave_circle, layout_loops_corners, trog_ov_bears_minmay
D:10:     minmay_diamond_stairs, layout_loops_cross, okawaru_gym_becter,
          erik_orc_1, patterned_corridor
Temple:   jpeg_temple_clearing

Skill      XL: |  1  2  3  4  5  6  7  8  9 10 11 |
---------------+----------------------------------+-----
Fighting       | 4 5 6 7 9 11 12 | 12.0
Armour         | 4 5 6 7 8 9 |  9.2
Axes           | 3 4 5 6 7 8 |  8.9
Shields        | 5 6 7 8 10 11 | 11.0

Action                   |  1- 3 |  4- 6 |  7- 9 | 10-12 || total
-------------------------+-------+-------+-------+-------++-------
Melee: War axe           |    84 |   119 |    10 |       ||   213
       Broad axe         |       |       |   127 |       ||   127
       Battleaxe         |       |       |    64 |   163 ||   227
Throw: Dart              |       |     7 |    13 |       ||    20
Invok: Divine Shield     |       |       |       |     3 ||     3
 Abil: Dig               |     2 |       |       |       ||     2
Evoke: Wand              |       |       |    10 |     5 ||    15
  Use: Potion            |       |     1 |     2 |     3 ||     6
       Scroll            |       |     4 |       |       ||     4
Armor: Scale mail        |    50 |    42 |   120 |   146 ||   358
       Chain mail        |       |    13 |       |       ||    13
Dodge: Dodged            |    42 |    50 |    90 |   114 ||   296
Block: Buckler           |    34 |    35 |    71 |   110 ||   250
